 Dungeon Crawl Stone Soup version 0.25.0-10-g039870ee82 (console) character file.

Game seed: 4781325298493343262

1523 Kagalorn the Cleaver (level 8, -1/64 HPs)
             Began as a Minotaur Fighter on June 22, 2020.
             Slain by a vampire mosquito (6 damage)
             ... on level 6 of the Dungeon.
             The game lasted 00:08:01 (5457 turns).

Kagalorn the Cleaver (Minotaur Fighter)             Turns: 5457, Time: 00:08:01

Health: -1/64      AC: 12    Str: 23    XL:     8   Next: 54%
Magic:  7/7        EV:  4    Int:  6    God:
Gold:   208        SH:  9    Dex:  9    Spells: 7/7 levels left

rFire    + . .     SeeInvis .   a - +0 war axe
rCold    + . .     Gourm    .   c - +0 kite shield
rNeg     . . .     Faith    .   t - +0 plate armour
rPois    .         Spirit   .   (helmet restricted)
rElec    .         Reflect  .   (no cloak)
rCorr    .         Harm     .   D - +0 pair of gloves (curse)
MR       .....                  (no boots)
Stlth    ..........             (no amulet)
HPRegen  0.20/turn              E - ring of protection from cold
MPRegen  0.10/turn              b - ring of protection from fire

@: about to teleport
A: retaliatory headbutt, horns 2
a: no special abilities


You were on level 6 of the Dungeon.
You were near starving.

You visited 1 branch of the dungeon, and saw 7 of its levels.
You also visited: Sewer.

You collected 208 gold pieces.

Inventory:

Hand Weapons
 a - a +0 war axe (weapon)
Missiles
 m - 2 atropa-tipped darts (quivered)
 y - 58 poisoned darts
Armour
 c - a +0 kite shield (worn)
 t - a +0 plate armour (worn)
 D - a cursed +0 pair of gloves (worn)
Jewellery
 b - a ring of protection from fire (right hand)
 i - an uncursed ring of wizardry
 E - a ring of protection from cold (left hand)
Wands
 w - a wand of digging (5)
 C - a wand of flame (26)
Scrolls
 e - 2 scrolls of fear {unknown}
 g - a scroll of magic mapping {unknown}
 h - 4 scrolls of teleportation
 o - 2 scrolls of fog {unknown}
 s - 3 scrolls of remove curse
 u - 3 scrolls of enchant weapon {unknown}
 v - 3 scrolls of immolation {unknown}
 B - a scroll of acquirement {unknown}
Potions
 d - 2 potions of might
 j - a potion of resistance {unknown}
 k - 3 potions of ambrosia {unknown}
 l - a potion of lignification {unknown}
 n - 3 potions of curing
 p - 2 potions of heal wounds
 q - a potion of berserk rage
 r - a potion of mutation
 x - a potion of flight
 z - a potion of haste
 A - 2 potions of brilliance
Comestibles
 f - 6 rations


   Skills:
 - Level 3.6 Fighting
 * Level 12.6 Axes
 - Level 3.6 Armour
 - Level 3.6 Shields


You had 7 spell levels left.
You didn't know any spells.
Your spell library was empty.

Dungeon Overview and Level Annotations

Branches:
Dungeon (7/15)              Sewer (visited)
 Temple: D:4-7

Altars:
Fedhas
Wu Jian


Innate Abilities, Weirdness & Mutations

You reflexively headbutt those who attack you in melee.
You have a pair of horns on your head.


Message History

You hit the yak but do no damage.
The yak is severely wounded.
You hit the vampire mosquito but do no damage.
The vampire mosquito bites you.
* * * LOW HITPOINT WARNING * * *
The vampire mosquito draws strength from your injuries!
The yak gores you.
* * * LOW HITPOINT WARNING * * *
You are near starving!
You barely miss the yak.
The yak is severely wounded.
You closely miss the vampire mosquito.
The vampire mosquito completely misses you.
You furiously retaliate!
You headbutt the vampire mosquito!
The vampire mosquito bites you but does no damage.
The yak barely misses you. You furiously retaliate!
You headbutt the yak. You barely miss the yak.
The yak is almost dead.
You slash the vampire mosquito! The vampire mosquito bites you.
You die...

### ######.# #oY@#..##
####.y##...# ### #
##.#8..8#...# ##.## #
##....>.....######...####
#...........#..........#.
###.#8..8##......#.......
#..##..###...#.##.......
##........########......#
#.........#######.......#


You could see a yak, a vampire mosquito and an orc.

Vanquished Creatures
  Grinder (D:3)
  A hippogriff (D:6)
  A water moccasin (D:5)
  2 black bears (D:6)
  2 phantoms
  A big kobold (Sewer)
  A scorpion (D:3)
  A crimson imp (D:6)
  A bullfrog zombie (D:5)
  2 hounds (D:4)
  A bullfrog skeleton (D:7)
  A jelly (D:6)
  2 orc priests
  4 worker ants
  A hound skeleton (D:4)
  8 adders
  A river rat (Sewer)
  An ooze (D:2)
  An adder zombie (D:6)
  2 worms (D:3)
  4 dart slugs
  8 leopard geckos
  11 orcs
  6 ball pythons
  4 giant cockroaches
  5 goblins
  6 hobgoblins
  12 jackals
  5 kobolds
  3 quokkas
  4 bats
  6 frilled lizards
  A quokka skeleton (D:5)
  16 rats
126 creatures vanquished.

Vanquished Creatures (others)
  A hobgoblin (D:1)
1 creature vanquished.

Grand Total: 127 creatures vanquished

Notes
Turn   | Place    | Note
-------+----------+-------------------------------------------
     0 | D:1      | Kagalorn the Minotaur Fighter began the quest for the Orb.
     0 | D:1      | Reached XP level 1. HP: 19/19 MP: 0/0
    54 | D:1      | Reached skill level 3 in Axes
    85 | D:1      | Reached XP level 2. HP: 25/26 MP: 1/1
   602 | D:2      | Reached skill level 4 in Axes
   771 | D:2      | Reached XP level 3. HP: 30/31 MP: 2/2
  1098 | D:2      | Found an ornate altar of the Wu Jian Council.
  1400 | D:3      | Reached skill level 5 in Axes
  1402 | D:3      | Reached XP level 4. HP: 38/39 MP: 3/3
  1547 | D:3      | Reached skill level 6 in Axes
  1547 | D:3      | Reached XP level 5. HP: 34/45 MP: 4/4
  2337 | D:3      | Noticed Grinder
  2361 | D:3      | Killed Grinder
  2361 | D:3      | Reached skill level 8 in Axes
  2361 | D:3      | Reached XP level 6. HP: 24/51 MP: 5/5
  2598 | D:4      | Found a glowing drain.
  2621 | Sewer    | Entered a sewer
  2756 | Sewer    | Found a white marble altar of Elyvilon.
  2845 | D:4      | Reached skill level 9 in Axes
  2989 | D:4      | Reached XP level 7. HP: 57/57 MP: 6/6
  3837 | D:5      | Entered Level 5 of the Dungeon
  3955 | D:5      | Reached skill level 10 in Axes
  4008 | D:5      | Found a blossoming altar of Fedhas.
  4299 | D:5      | Reached skill level 11 in Axes
  4857 | D:6      | Reached XP level 8. HP: 61/64 MP: 7/7
  5159 | D:6      | Reached skill level 12 in Axes
  5300 | D:7      | Noticed a hippogriff
  5309 | D:7      | Noticed a white ugly thing
  5318 | D:6      | Killed a hippogriff
  5457 | D:6      | Slain by a vampire mosquito

Illustrated notes

Levels and vault maps discovered:
D:1:      shiori_arrival_oz, layout_rooms
D:2:      layout_loops_cross, marbit_many_paths, minmay_goblin_kobold_house
D:3:      layout_loops_cross, wad_floor_pattern_1, uniq_grinder
D:4:      layout_loops_ring, portal_sewer_entry_a
D:5:      lemuel_upstairs_altar, layout_basic, first_ration, basic_altar
D:6:      layout_cave_pools, st_stairs_6
D:7:      cheibrodos_fzero, layout_loops_ring, minmay_temple_entry_offerings

Skill      XL: |  1  2  3  4  5  6  7  8 |
---------------+-------------------------+-----
Axes           | 3 4 5 6 8 9 11 12 | 12.6
Fighting       | |  3.6
Armour         | |  3.6
Shields        | |  3.6

Action                   |  1- 3 |  4- 6 |  7- 9 || total
-------------------------+-------+-------+-------++-------
Melee: War axe           |    94 |   137 |   167 ||   398
       Headbutt          |    11 |    15 |    18 ||    44
  Use: Scroll            |       |     1 |     9 ||    10
       Potion            |       |     1 |       ||     1
  Eat: Chunk             |     1 |     6 |     3 ||    10
       Ration            |       |       |     1 ||     1
Armor: Scale mail        |    27 |       |       ||    27
       Plate armour      |     5 |    71 |   112 ||   188
Dodge: Dodged            |    24 |    16 |    33 ||    73
Block: Kite shield       |    44 |    61 |    58 ||   163
